Map: Orbital Shipyard

Players

SillyCatLOL - Winner!

  • Race: Protoss Protoss
  • League: Gold

SEiSHiN

  • Race: Terran Terran
  • League: Gold

VOD

Have the link to the VOD?

Description

Time

  • Played on: Nov. 27, 2015, 1:16 a.m.
  • Length: 14:31
Show
View Real Time Build Order
Export as new Build Order

SillyCatLOL Protoss - Winner!

Build Orders:  

Get SALT Encoding   

  12  0:01  Probe (Chrono Boost)  
  13  0:12  Probe (Chrono Boost)  
  14  0:21  Pylon  
  14  0:22  Probe (Chrono Boost)  
  15  0:39  Probe (Chrono Boost), Gateway  
  16  0:43  Assimilator  
  17  0:50  Probe (Chrono Boost)  
  17  0:59  Gateway  
  17  1:00  Probe (Chrono Boost)  
  18  1:11  Probe (Chrono Boost)  
  19  1:16  Assimilator  
  19  1:20  Pylon  
  19  1:21  Probe (Chrono Boost)  
  20  1:32  Probe (Chrono Boost)  
  21  1:35  Cybernetics Core  
  21  1:41  Zealot  
  23  1:48  Probe (Chrono Boost)  
  24  1:56  Zealot  
  26  2:07  Pylon  
  26  2:12  Warp Gate (Chrono Boost)  
  26  2:13  Adept  
  28  2:23  Adept  
  30  2:45  Robotics Facility  
  30  2:47  Pylon  
  30  2:48  Adept  
  32  2:58  Adept  
  34  3:18  Probe  
  35  3:29  Nexus  
  35  3:41  Warp Prism (Chrono Boost)  
  37  4:02  Robotics Bay  
  37  4:05  Gateway  
  37  4:14  Stalker  
  39  4:23  Stalker  
  41  4:38  Probe  
  42  4:41  Probe  
  43  4:50  Probe  
  43  4:51  Stalker  
  43  4:52  Probe  
  47  5:02  Probe x2  
  49  5:09  Stalker  
  49  5:10  Stalker  
  53  5:14  Disruptor (Chrono Boost)  
  56  5:55  Stalker x3  
  62  6:04  Gateway x2  
  62  6:08  Pylon x2  
  62  6:26  Disruptor (Chrono Boost)  
  55  6:37  Stalker  
  55  6:38  Stalker x2, Robotics Facility  
  61  6:40  Probe  
  61  6:41  Probe  
  63  6:50  Probe  
  63  6:53  Probe  
  65  7:00  Stalker  
  65  7:01  Stalker, Probe  
  69  7:05  Stalker, Probe  
  73  7:11  Probe  
  74  7:15  Twilight Council  
  54  7:30  Disruptor (Chrono Boost)  
  54  7:33  Stalker x2  
  54  7:34  Zealot  
  60  7:47  Assimilator  
  60  7:49  Assimilator  
  60  7:51  Stalker x2  
  60  7:55  Stalker  
  60  7:57  Zealot  
  66  8:09  Stalker  
  62  8:25  Stalker x2  
  62  8:26  Zealot  
  62  8:27  Zealot  
  70  8:31  Probe  
  70  8:32  Probe  
  72  8:41  Probe, Disruptor (Chrono Boost)  
  75  8:44  Probe  
  71  8:56  Probe  
  70  9:15  Stalker  
  70  9:17  Stalker  
  74  9:21  Nexus  
  74  9:24  Pylon  
  74  9:25  Blink (Chrono Boost)  
  74  9:27  Pylon  
  74  9:44  Stalker  
  76  9:45  Pylon  
  76  9:48  Pylon  
  76  9:49  Stalker  
  78  9:52  Pylon  
  78  9:55  Stalker  
  78  9:59  Stalker  
  82  10:04  Stalker  
  84  10:14  Stalker  
  84  10:16  Stalker  
  82  10:35  Gateway  
  82  10:38  Gateway  
  82  10:43  Observer (Chrono Boost)  
  82  10:51  Disruptor (Chrono Boost)  
  82  10:52  Stalker  
  86  11:07  Probe  
  86  11:08  Probe  
  86  11:09  Probe  
  88  11:30  Probe  
  88  11:31  Probe  
  88  11:32  Probe  
  91  11:39  Stalker x2  
  95  11:52  Stalker x2  
  99  11:54  Stalker  
  101  12:06  Forge x2  
  101  12:10  Probe  
  101  12:11  Probe  
  101  12:12  Probe  
  104  12:16  Stalker  
  104  12:20  Stalker  
  108  12:32  Disruptor (Chrono Boost)  
  108  12:35  Disruptor (Chrono Boost)  
  114  12:42  Pylon  
  96  13:10  Stalker  
  96  13:11  Stalker x3  
  96  13:12  Stalker x3  
  92  13:32  Probe  
  92  13:33  Disruptor x2 (Chrono Boost)  
  92  13:34  Probe x2  
  79  14:04  Stalker x4  
  79  14:05  Stalker x3  
  79  14:09  Observer (Chrono Boost)  
Show
View Real Time Build Order
Export as new Build Order

SEiSHiN Terran 

Build Orders: Reaper Expand, MMM Bio 

Get SALT Encoding   

  12  0:00  SCV  
  13  0:12  SCV  
  14  0:18  Supply Depot  
  14  0:25  SCV  
  15  0:39  SCV  
  15  0:41  Barracks  
  16  0:44  Refinery  
  16  0:51  SCV  
  17  1:04  SCV  
  18  1:16  SCV  
  19  1:28  Reaper, Orbital Command  
  20  1:41  Command Center  
  20  1:54  SCV  
  20  1:57  Supply Depot  
  20  2:00  Barracks Reactor  
  21  2:10  SCV  
  22  2:19  Barracks  
  22  2:23  SCV  
  22  2:28  Factory  
  23  2:35  SCV  
  23  2:40  Marine x2  
  25  2:47  SCV  
  25  2:50  Refinery  
  26  2:53  Orbital Command  
  26  3:00  Marine x2  
  26  3:02  Barracks  
  28  3:06  Barracks Tech Lab  
  28  3:14  SCV  
  28  3:19  SCV  
  30  3:22  Marine x2  
  30  3:24  Starport  
  30  3:26  SCV  
  33  3:27  Factory Reactor  
  33  3:32  Refinery  
  33  3:41  Stimpack  
  33  3:42  Marine x2  
  33  3:46  Marauder  
  37  3:49  SCV  
  37  3:50  SCV, Refinery  
  39  4:01  SCV  
  39  4:02  SCV, Barracks Tech Lab  
  41  4:13  SCV  
  41  4:14  SCV  
  43  4:17  Medivac  
  43  4:22  Supply Depot x2  
  45  4:25  Engineering Bay  
  45  4:28  SCV  
  46  4:39  Factory Reactor  
  46  4:44  Marauder x2, SCV, Medivac, Marine x2  
  55  4:52  Supply Depot  
  55  4:54  Supply Depot  
  51  5:17  Missile Turret  
  51  5:20  Terran Infantry Weapons Level 1  
  51  5:21  Marine x2  
  51  5:22  Marauder x2  
  51  5:24  Medivac  
  59  5:28  SCV x2  
  53  6:03  Missile Turret  
  53  6:05  SCV x2  
  55  6:19  Marine  
  55  6:20  Marauder x2, Marine  
  55  6:25  Widow Mine  
  60  6:26  Widow Mine  
  62  6:40  Medivac x2  
  62  6:41  Marine x2  
  62  6:44  SCV  
  69  6:49  SCV  
  70  7:01  Supply Depot  
  70  7:02  Supply Depot  
  70  7:12  SCV x2  
  72  7:17  Terran Infantry Armor Level 1  
  72  7:18  Combat Shields  
  69  7:55  SCV x2  
  69  7:56  Marauder, Widow Mine, Marine x2  
  69  7:57  Widow Mine, Marauder  
  69  7:58  Medivac x2  
  86  8:12  SCV  
  86  8:13  SCV, Armory  
  60  8:22  Marine x2  
  60  8:23  Marauder x2  
  64  8:31  Widow Mine  
  64  8:32  Command Center  
  66  8:34  Widow Mine  
  68  8:41  Marine x2  
  68  8:44  Marauder  
  68  8:47  Marauder  
  70  9:10  Widow Mine x2, Marine x2  
  70  9:11  Medivac x2, Marauder x2  
  84  9:19  Concussive Shells  
  84  9:20  Supply Depot  
  84  9:21  SCV  
  84  9:22  Supply Depot  
  85  9:28  Terran Infantry Weapons Level 2  
  85  9:33  Engineering Bay  
  85  9:35  Marine  
  85  9:36  Marine  
  85  9:38  Marauder  
  89  9:55  Marine x2  
  89  9:56  Marauder  
  89  9:59  Marauder  
  95  10:00  Orbital Command  
  95  10:01  Terran Infantry Armor Level 2  
  95  10:13  Marine x2  
  97  10:18  Marauder  
  97  10:20  Marauder, Widow Mine x2  
  105  10:22  Medivac  
  107  10:33  Orbital Command  
  107  10:39  Marauder, Marine x2  
  107  10:40  Medivac  
  107  10:42  Marauder  
  115  10:49  Widow Mine  
  117  10:56  Supply Depot  
  117  10:57  Supply Depot  
  117  11:02  SCV  
  117  11:03  SCV x2  
  116  11:19  Medivac x2  
  116  11:21  Missile Turret  
  120  11:26  Missile Turret  
  120  11:27  Marine x2  
  120  11:28  Marauder x2  
  120  11:29  Widow Mine x2  
  130  11:33  SCV x2  
  130  11:35  SCV  
  133  11:45  SCV x2, Terran Infantry Weapons Level 3  
  135  11:47  SCV  
  135  11:54  Supply Depot  
  136  11:55  Supply Depot  
  136  11:57  SCV x2, Marine x2  
  136  11:59  SCV  
  145  12:16  Marauder x2  
  145  12:17  Marine  
  145  12:18  Marine  
  145  12:19  Widow Mine  
  145  12:20  Medivac, Widow Mine  
  145  12:21  Medivac  
  145  12:22  SCV x2  
  157  12:26  Supply Depot  
  157  12:27  Supply Depot  
  157  12:29  Supply Depot  
  157  12:40  Command Center  
  157  12:48  SCV x2, Marauder x2  
  112  13:08  Marine  
  112  13:09  Marine  
  112  13:10  Marauder x2  
  116  13:16  Widow Mine  
  116  13:17  Widow Mine  
  116  13:18  Medivac x2  
  124  13:23  Barracks  
  124  13:24  Barracks  
  98  13:38  Marauder, Marine x2  
  98  13:39  Marauder  
  91  13:57  Marine x2  
  91  14:00  Marauder x2  
Tags
 
Add a new tag
Caveats
  • Supply blocks, unpowered buildings, or Contaminate may cause inaccurate times.
  • Supply counts are checked every 10 seconds.